Unix NetHack Version 5.0.0-0 post-release - last build Jun 10 2026 00:39:30 (3ee93aec679c4c4259841fe613dc97188e26a321,branch:main).

Game began 2026-07-08 11:16:59, ended 2026-07-08 18:45:53.

Anarchos, lawful female dwarven Valkyrie

                                         +---
                                   #####....|
                                   #      ..|
                                   #      ---
                                   #
                           ###     #
                            #########
                            #   ####
                           ###)#   #
                           #####  ###
                         ###       #
                        #  ##      #
                   |    #####------#
                   |..  @    |....|#
                   |...@#    |....|#
                   ....      |<.{..##
                   ----      ------

Anarchos the Fighter        St:16 Dx:15 Co:20 In:11 Wi:12 Ch:7  Lawful
Dlvl:10 $:382 HP:0(89) Pw:25(25) AC:-7 Xp:8 T:8236  Fainted  Burdened Deaf Hallu

Latest messages:
 The vrock bites!
 The raven just misses!
 The ice vortex bites!
 The poison cackler bites!
 The quagga misses!
 You regain consciousness.
 You hit the titan!
 The phoenix misses!
 You faint from lack of food.
 The snake misses!
 The gold dragon bites!
 The large dog misses!
 The cave spider misses!
 The martyr orc just misses!
 The stone golem bites!
 The tie-thulu bites!
 The green slime bites!
 The dwarf bites!
 The black dragon misses!
 The brown pudding bites!
 The killer bee bites!
 You regain consciousness.
 You kill the acid blob!
 You can hear again.
 You faint from lack of food.
 The Invisible Pink Unicorn hits!
 The energy vortex misses!
 The winter wolf cub bites!
 The gnome lord hits!
 The demilich misses!
 The beluga whale bites!
 The grid bug hits!
 The rock mole hits again!
 The brown mold misses!
 The ochre jelly misses!
 The cobra just misses!
 The rust monster bites!
 The pony misses!
 The baby long worm hits!
 The baluchitherium bites!
 The flying pig hits!
 The giant slug hits again!
 The baby red dragon bites!
 The master mind flayer hits!
 The duct tape golem hits again!
 The barbed devil bites!
 The ki-rin hits!
 You die...
 Do you want your possessions identified? [ynq] (y) y
 Do you want to see your attributes? [ynq] (y) q

Inventory:
 Coins    ('$')
  $ - 382 gold pieces
 Amulets  ('"')
  n - an uncursed amulet of reflection (being worn)
 Weapons  (')')
  J - 14 poisoned +0 orcish arrows
  I - a cursed -1 orcish bow
  F - a +0 orcish dagger
  a - the +0 Sting
  v - a +0 bullwhip
  W - the +0 Orcrist (weapon in right hand)
  l - a +1 war hammer
 Armor    ('[')
  H - a blessed +0 orcish helm
  V - an uncursed +0 orcish helm (being worn)
  y - an uncursed +1 pair of gauntlets of dexterity (being worn)
  m - an uncursed +0 pair of low boots (being worn)
  c - an uncursed greased +3 small shield (being worn)
  Z - an uncursed +1 elven cloak (being worn)
  x - an uncursed +0 plate mail (being worn)
 Rings    ('=')
  b - an uncursed ring of see invisible (on right hand)
  P - an uncursed ring of sustain ability (on left hand)
 Wands    ('/')
  k - a wand of cancellation (0:7)
  p - a wand of enlightenment (0:13)
  i - a wand of locking (0:7)
  j - a wand of opening (0:7)
 Tools    ('(')
  o - an uncursed bag of holding containing 46 items
  s - an uncursed lock pick
  u - an uncursed magic whistle
  E - an uncursed tin opener
  r - an uncursed towel
 Gems/Stones  ('*')
  O - an uncursed garnet stone
  d - an uncursed worthless piece of yellow glass

Contents of the bag of holding:
  169 gold pieces
  an uncursed amulet of life saving
  a blessed +1 arrow
  8 +0 orcish arrows
  3 +0 daggers
  a +1 dwarvish spear
  3 +0 orcish daggers
  an uncursed +0 elven leather helm
  an uncursed +0 elven shield
  an uncursed +0 dwarvish cloak
  a blessed +1 mummy wrapping
  an uncursed +0 orcish cloak
  a blessed +1 ring mail
  an uncursed scroll of amnesia
  an uncursed scroll of blank paper
  an uncursed scroll of create monster
  an uncursed scroll of enchant weapon
  an uncursed scroll of gold detection
  an uncursed scroll of stinking cloud
  3 uncursed scrolls of teleportation
  2 uncursed scrolls of teleportation
  an uncursed spellbook of confuse monster
  an uncursed spellbook of confuse monster
  an uncursed spellbook of haste self
  an uncursed spellbook of magic missile
  a blessed potion of booze
  2 uncursed potions of booze
  2 uncursed potions of healing
  2 uncursed potions of oil
  an uncursed potion of see invisible
  a cursed ring of stealth
  a wand of lightning (0:3)
  a can of grease (0:23)
  an uncursed towel
  2 uncursed agate stones
  an uncursed emerald
  an uncursed sapphire
  an uncursed worthless piece of black glass
  an uncursed worthless piece of blue glass
  4 uncursed worthless pieces of green glass
  an uncursed worthless piece of orange glass
  2 uncursed worthless pieces of red glass
  an uncursed worthless piece of violet glass
  2 uncursed worthless pieces of white glass
  4 uncursed worthless pieces of yellow glass
  2 uncursed worthless pieces of yellowish brown glass

Anarchos the Valkyrie's attributes:

Background:
 You were a Fighter, a level 8 dwarven Valkyrie.
 You were lawful, on a mission for Tyr
 who was opposed by Odin (neutral) and Loki (chaotic).
 You were right-handed.
 You were in the Dungeons of Doom, on level 10.
 You entered the dungeon 8236 turns ago.
 You had 1642 experience points, 918 more were needed to attain level 9.

Basics:
 You had 0 out of 89 hit points.
 You had all 25 energy points (spell power).
 Your armor class was -7.
 Your wallet contained 382 spacebucks, and
 you had 169 more stashed away in your pack.
 Autopickup was on for all types.

Final Characteristics:
 Your strength was 16 (base:17, limit:18/100).
 Your dexterity was 15 (base:14, limit:20).
 Your constitution was 20 (limit:20).
 Your intelligence was 11 (limit:16).
 Your wisdom was 12 (peak:13, limit:16).
 Your charisma was 7 (limit:16).

Final Status:
 You were hallucinating.
 You were deaf.
 You were fainted due to starvation.
 You were burdened; movement was slightly slowed.
 You were wielding a broadsword.
 You had basic skill with broadsword.

Final Attributes:
 You were piously aligned.
 You were cold resistant.
 You were sleep resistant.
 You saw invisible.
 You were telepathic.
 You were aware of the presence of orcs.
 You had infravision.
 You were stealthy.
 You were guarded.
 You were fast.
 You had reflection.
 You had fixed abilities.
 Tyr was angry with you.
 You are dead.

Miscellaneous:
 You didn't encounter any bones levels.
 Total elapsed playing time was 4 hours, 8 minutes and 35 seconds.

Major events:
 Turn
    1: Anarchos the lawful dwarven Valkyrie entered the dungeon
 1029: attained the rank of Skirmisher (level 3)
 1543: entered the Gnomish Mines
 2103: reached Mine Town
 3286: stole 255 zorkmids worth of merchandise from Eed-morra's hardware store
 3289: attained the rank of Fighter (level 6)
 5871: chose an elven dagger to be named "Sting"
 5871: chose an elven broadsword to be named "Orcrist"
 8236: killed by a hallucinogen-distorted gargoyle, while fainted from lack of food

You didn't know any spells.

Skills:
 Fighting Skills
   bare handed combat [Unskilled]
   two weapon combat  [Unskilled]
   riding             [Unskilled]
 Weapon Skills
   dagger             [Basic]
   axe                [Unskilled]
   pick-axe           [Unskilled]
   short sword        [Unskilled]
   broadsword         [Basic]
   long sword         [Unskilled]
   two-handed sword   [Unskilled]
   saber              [Unskilled]
   hammer             [Unskilled]
   quarterstaff       [Unskilled]
   polearms           [Unskilled]
   spear              [Expert]
   trident            [Unskilled]
   lance              [Unskilled]
   sling              [Unskilled]
 Spellcasting Skills
   attack spells      [Unskilled]
   escape spells      [Unskilled]

Voluntary challenges:
 Character rerolling was not enabled.
 You never genocided any monsters.
 You never polymorphed an object.
 You used no wishes.
Achievements:
 You entered a shop.
 You attained the rank of Skirmisher.
 You entered the Gnomish Mines.
 You entered Minetown.
 You entered a temple.
 You attained the rank of Fighter.

 The Dungeons of Doom: levels 1 to 10
    Level 1:
    Level 2:
       An armor shop, an altar to Tyr.
    Level 3:
       A vegetarian food shop.
       Stairs down to The Gnomish Mines.
    Level 4:
    Level 5:
       A fountain.
    Level 6:
       Many fountains.
    Level 7:
       A general store, a fountain, a sink.
    Level 8:
       An altar to Tyr, a grave, a tree.
    Level 9:
       A throne, a grave.
    Level 10: <- You were here.
       A fountain.
       Final resting place for
          you, killed by a hallucinogen-distorted gargoyle, while fainted from lack of food.
 The Gnomish Mines: levels 4 to 8
    Level 4:
    Level 5:
    Level 6:
       Many shops, a temple and an altar to Tyr, some fountains.
    Level 7:
    Level 8:


Vanquished creatures:
  a large mimic
  a water elemental
  2 wargs
  3 small mimics
  a tiger
  a dwarf ruler
  a tengu
  a mountain centaur
  a cockatrice
  a wolf
  2 orc-captains
  a vampire bat
  a gnome ruler
  2 orc mummies
  a werewolf
  3 Green-elves
  a jaguar
  a dust vortex
  2 plains centaurs
  a snake
 an ape
  a rope golem
  7 bugbears
  a mountain nymph
 an Uruk-hai
  2 rock piercers
  a pony
  a fog cloud
  5 yellow lights
  2 shriekers
  a violet fungus
  7 gnome leaders
  3 gnomish wizards
  2 Kop Lieutenants
  a kobold mummy
  2 golden naga hatchlings
  2 ghouls
  2 giant ants
  2 floating eyes
  a dwarf
  2 homunculi
  3 kobold shamans
  9 hill orcs
  a rabid rat
  2 centipedes
  4 giant bats
  3 Kop Sergeants
  a wererat
  a werejackal
  2 iguanas
 an acid blob
  a hobbit
  7 manes
  3 large kobolds
 11 hobgoblins
  5 giant rats
  7 cave spiders
  a brown mold
  4 yellow molds
  7 Keystone Kops
  2 garter snakes
 11 geckos
  7 jackals
  4 kobolds
  2 goblins
  3 sewer rats
 14 grid bugs
  5 bats
  9 lichens
  3 kobold zombies
 12 newts
220 creatures vanquished.

No species were genocided or became extinct.

Game over:
                       ----------
                      /          \
                     /    REST    \
                    /      IN      \
                   /     PEACE      \
                  /                  \
                  |     Anarchos     |
                  |      551 Au      |
                  |   killed by a    |
                  | hallucinogen-dis |
                  | torted gargoyle  |
                  |                  |
                  |       2026       |
                 *|     *  *  *      | *
        _________)/\\_//(\/(/\)/\//\/|_)_______

Farvel Anarchos the Valkyrie...

You died in The Dungeons of Doom on dungeon level 10 with 10042 points,
and 551 pieces of gold, after 8236 moves.
You were level 8 with a maximum of 89 hit points when you died.

